[Event "*** Titled Tuesday Blitz"]
[Site "Chess.com"]
[Date "2018.10.02"]
[Round "3"]
[White "plouarzel"]
[Black "NemtsevIgor"]
[Result "1-0"]
[WhiteElo "2599"]
[BlackElo "2376"]
[TimeControl "180+2"]
[EndTime "13:33:51 PDT"]
[Termination "plouarzel won by resignation"]

1. e4 c6 2. d4 d5 3. Nd2 dxe4 4.
Nxe4 Nf6 5. Nxf6+ gxf6 6. c3 h5 7. Bd3 h4 8. h3 Be6 9. Ne2 Bd5 10. Nf4 Rg8 11. Qh5 Qd6 12. Qxh4 e5 13. Nxd5 Qxd5 14.
Be4 Qe6 15. dxe5 Nd7 16. Be3 O-O-O 17. Qh5 fxe5 18. Qf3 Bc5 19. Bf5 Qc4 20. Bxc5 Qxc5 21. O-O-O Qe7 22. Rxd7 Rxd7 23. Rd1 Rd8 24. Rxd7 Rxd7 25.
Qg4 Kc7 26. Bxd7 Qxd7 27. Qxd7+ Kxd7 28. Kd2 f5 29. Ke3 Ke6 30. f4 e4 31. g4 Kf6 32. gxf5 Kxf5 33. h4 1-0

[Event "*** Titled Tuesday Blitz"]
[Site "Chess.com"]
[Date "2018.10.02"]
[Round "3"]
[White "Zarikovs1999"]
[Black "Gubajdullin"]
[Result "0-1"]
[WhiteElo "2196"]
[BlackElo "2367"]
[TimeControl "180+2"]
[EndTime "13:34:02 PDT"]
[Termination "Gubajdullin won by resignation"]

1. Nf3 g6 2. h4 h6 3. d4 Bg7 4. e3 d6 5. Bd3 Nf6 6. Nbd2 c5 7. c3 Nc6 8. Ne4 Nxe4 9. Bxe4 d5 10. Bd3 e5 11. dxe5 Nxe5 12. Nxe5 Bxe5 13. Bb5+ Kf8 14. h5 g5 15. Qe2 a6 16. Bd3 b5 17. a4 Qa5 18. Bd2 b4 19. O-O bxc3 20. Bxc3 Bxc3 21. bxc3 c4 22. Bc2 Qxc3 23. e4 d4 24. Rac1 d3 25. Qe3 Be6 26. Rfd1 Qe5 27. Bb1 Kg7 28. Ba2 Rac8 29.
Rd2 Rhd8 30. Rcd1 Rd4 31. f3 Rcd8 32. Bb1 f5 33. Re1 f4 34. Qf2 c3 0-1

[Event "*** Titled Tuesday Blitz"]
[Site "Chess.com"]
[Date "2018.10.02"]
[Round "3"]
[White "Gabrielian_Artur"]
[Black "GrigorGrigorov"]
[Result "0-1"]
[WhiteElo "2686"]
[BlackElo "2727"]
[TimeControl "180+2"]
[EndTime "13:34:04 PDT"]
[Termination "GrigorGrigorov won by resignation"]

1. e4 e6 2. d4 d5 3. Nd2 c5 4. Ngf3 Nc6 5. exd5 exd5 6. Bb5 cxd4 7. Nxd4 Bd7 8.
N4f3 Nf6 9. O-O Be7 10. a3 O-O 11. h3 Re8 12. Bd3 h6 13. Re1 Qc7 14. Nb3 Bd6 15.
Be3 a6 16. Nbd4 Na5 17. Nf5 Bxf5 18. Bxf5 Nc4 19. Bd4 Rxe1+ 20. Qxe1 Re8 21. Qd1 Ne4 22.
h4 b5 23. Qd3 Bc5 24. Rd1 Nxb2 25. Bxb2 Nxf2 26. Qxd5 Nxd1+ 27. Kh1 Nxb2 0-1

[Event "*** Titled Tuesday Blitz"]
[Site "Chess.com"]
[Date "2018.10.02"]
[Round "3"]
[White "hurricane7791"]
[Black "sergoy"]
[Result "0-1"]
[WhiteElo "2685"]
[BlackElo "2784"]
[TimeControl "180+2"]
[EndTime "13:34:04 PDT"]
[Termination "sergoy won by resignation"]

1. d4 Nf6 2. c4 e6 3. Nc3 Bb4 4.
e3 O-O 5. Bd3 c5 6. Nf3 Nc6 7.
O-O d6 8. a3 Bxc3 9. bxc3 e5 10. d5 Ne7 11. e4 b6 12. Nh4 Ng6 13. Nf5 Re8 14. Ne3 Bd7 15. a4 a5 16. g3 Qc8 17.
f3 Qc7 18. Rf2 Ne7 19. Bd2 Rf8 20. h4 Ne8 21. f4 f6 22. h5 exf4 23. gxf4 f5 24. Qc2 fxe4 25. Bxe4 Nf6 26. Bd3 Qc8 27. f5 Nxh5 28. Rh2 Nf4 29. f6 Neg6 30. fxg7 Kxg7 31. Be4 Nh3+ 32. Kg2 Qe8 33. Bf5 Bxf5 34. Nxf5+ Rxf5 35. Qxf5 Nh4+ 36. Kxh3 Nxf5 37. Rg1+ Kh8 38. Bg5 Qh5+ 0-1

[Event "*** Titled Tuesday Blitz"]
[Site "Chess.com"]
[Date "2018.10.02"]
[Round "3"]
[White "ruvat"]
[Black "GMBenjaminFinegold"]
[Result "0-1"]
[WhiteElo "2301"]
[BlackElo "2295"]
[TimeControl "180+2"]
[EndTime "13:34:07 PDT"]
[Termination "GMBenjaminFinegold won by resignation"]

1. d4 d5 2. c4 Nc6 3. Nf3 Bg4 4. Nc3 Bxf3 5. exf3 e6 6. Be3 Nge7 7. Rc1 g6 8. cxd5 exd5 9. Bd3 Bg7 10. Bb1 O-O 11. O-O a6 12. Re1 Qd6 13. a3 Rfe8 14. b4 Rad8 15. Qd2 Qd7 16. Na4 b6 17. Nc3 Na7 18. Bg5 c6 19. a4 Rc8 20. h3 Nf5 21. Be3 Nd6 22. Ba2 b5 23. a5 Re7 24. Bg5 Rxe1+ 25. Rxe1 Re8 26. Rd1 Nac8 27. Ne2 Nc4 28. Qc2 N8d6 29.
Nc1 h6 30. Bf4 Nf5 31. Nb3 Qe7 32. Nc5 Nxd4 33. Rxd4 Bxd4 34. Nxa6 Qe1+ 35. Kh2 Bxf2 0-1

[Event "*** Titled Tuesday Blitz"]
[Site "Chess.com"]
[Date "2018.10.02"]
[Round "3"]
[White "Alex_Terzi"]
[Black "bascheyaro"]
[Result "0-1"]
[WhiteElo "2456"]
[BlackElo "2696"]
[TimeControl "180+2"]
[EndTime "13:34:09 PDT"]
[Termination "bascheyaro won by resignation"]

1. e4 e6 2. d4 d5 3. e5 c5 4. c3 Bd7 5. Nf3 Qb6 6. a3 Bb5 7. Bxb5+ Qxb5 8. a4 Qd7 9. dxc5 Bxc5 10. b4 Bf8 11. O-O Ne7 12. Be3 Nbc6 13. Bd4 Nf5 14. Re1 Be7 15. a5 Rc8 16. Na3 O-O 17. Nc2 Rc7 18. Qd3 Rfc8 19. Ra3 h6 20. g4 Nfxd4 21. Ncxd4 Nxd4 22. Nxd4 Rc4 23. Rb3 a6 24. f4 Qc7 25.
Re3 b6 26. axb6 Qxb6 27. Kf2 a5 28. bxa5 Qxa5 29. Kf3 Bc5 30. Rb5 Qa4 31. Qc2 Rxd4 0-1

[Event "*** Titled Tuesday Blitz"]
[Site "Chess.com"]
[Date "2018.10.02"]
[Round "3"]
[White "Jospem"]
[Black "raviteja81293"]
[Result "1-0"]
[WhiteElo "2745"]
[BlackElo "2571"]
[TimeControl "180+2"]
[EndTime "13:34:16 PDT"]
[Termination "Jospem won by resignation"]

1. e4 c6 2. d4 d5 3. Nd2 dxe4 4.
Nxe4 Bf5 5. Ng3 Bg6 6. h4 h6 7. Nf3 Nf6 8. Ne5 Bh7 9. Bd3 Bxd3 10. Qxd3 e6 11. Bd2 Nbd7 12. f4 c5 13. O-O-O cxd4 14.
Ng6 Rg8 15. Nxf8 Nxf8 16. Bb4 Qd5 17. Qxd4 Qxd4 18. Rxd4 Ng6 19. f5 Ne7 20. fxe6 fxe6 21. Re1 Nc6 22. Rc4 Kf7 23. Bc3 Rge8 24. a4 Rad8 25. b3 Rd5 26. Rf1 Ke7 27. Rcf4 Rf8 28. Bb2 Ne5 29. Ba3+ Kf7 30. Bxf8 Kxf8 31. Ne4 Nd7 32.
Nxf6 Nxf6 33. Rc4 Rd7 34. g4 Ke7 35. g5 hxg5 36. hxg5 Nd5 37. g6 Nf6 38. Rcf4 e5 39. Rf5 Ke6 40. R5f2 Rd4 41. Rg2 e4 42. Rd1 Rb4 43. Rd8 Kf5 44. Rf8 e3 45. Rf7 Kf4 46. Rxf6+ gxf6 47. g7 1-0

[Event "*** Titled Tuesday Blitz"]
[Site "Chess.com"]
[Date "2018.10.02"]
[Round "3"]
[White "joppie2"]
[Black "wonderfultime"]
[Result "1-0"]
[WhiteElo "2685"]
[BlackElo "2857"]
[TimeControl "180+2"]
[EndTime "13:34:18 PDT"]
[Termination "joppie2 won by resignation"]

1. e4 c5 2. Nc3 Nc6 3. Bb5 Nd4 4. Nf3 Nxb5 5. Nxb5 Nf6 6. e5 Nd5 7. O-O a6 8. Nc3 Nc7 9. d4 cxd4 10. Nxd4 g6 11. Re1 Bg7 12. Bf4 O-O 13. Qd2 Re8 14. Bh6 Bh8 15. Rad1 d6 16. exd6 Qxd6 17. Ne4 Qe6 18. Nxe6 Bxe6 19. c3 Bxa2 20. Qd7 Ne6 21. Qxb7 a5 22.
Ng5 Rab8 23. Qf3 Bf6 24. Nxe6 Bxe6 25. Rxe6 fxe6 26. Qc6 Kh8 27. g3 Rg8 28. Rd7 g5 29. Qxe6 Rg6 30. Rxe7 Rxh6 31. Re8+ Rxe8 32. Qxe8+ Kg7 33. Qd7+ Kg8 34. Qc8+ Kf7 35. Qc7+ Be7 36. Qxa5 Rd6 37. Qf5+ Kg7 38. Qe5+ Kf7 39. Kg2 Rd2 40.
b4 Bf6 41. Qc7+ Kg6 42. b5 Rc2 43. c4 Rd2 44. Qc6 Kg7 45. b6 Bd4 46. b7 Rxf2+ 47.
Kh3 h5 48. b8=Q g4+ 49. Kh4 1-0

[Event "*** Titled Tuesday Blitz"]
[Site "Chess.com"]
[Date "2018.10.02"]
[Round "3"]
[White "335394862"]
[Black "FearNoEvil12"]
[Result "0-1"]
[WhiteElo "2320"]
[BlackElo "2020"]
[TimeControl "180+2"]
[EndTime "13:34:22 PDT"]
[Termination "FearNoEvil12 won on time"]

1. e4 a6 2. d4 b5 3. c4 bxc4 4. Bxc4 e6 5. d5 Bb7 6. dxe6 fxe6 7. Nc3 Nf6 8. Bg5 Be7 9. Qe2 O-O 10. Nf3 Nc6 11. Rd1 Qe8 12. e5 Nh5 13. Bxe7 Nxe7 14. Ng5 Nf4 15. Qc2 Nf5 16. f3 h6 17. g4 hxg5 18.
gxf5 Bxf3 19. Rg1 Bxd1 20. Kxd1 Qh5+ 21. Kc1 Rae8 22. Ne4 Rxf5 23. Nxg5 Rxg5 24. Rf1 Rf5 25. Kb1 Ref8 26. a4 Nd5 27. Re1 Qh4 28. Re4 Qf2 29. Qxf2 Rxf2 30. Rd4 Nb4 0-1

[Event "*** Titled Tuesday Blitz"]
[Site "Chess.com"]
[Date "2018.10.02"]
[Round "3"]
[White "Last7Samurai"]
[Black "johnathan113"]
[Result "1-0"]
[WhiteElo "2746"]
[BlackElo "2540"]
[TimeControl "180+2"]
[EndTime "13:34:27 PDT"]
[Termination "Last7Samurai won by resignation"]

1. e4 c5 2. c3 d5 3. exd5 Qxd5 4. d4 g6 5. Nf3 Bg7 6. Na3 cxd4 7. Bc4 Qe4+ 8. Be3 Nh6 9. Nb5 O-O 10. cxd4 Nc6 11.
Nc3 Qg4 12. h3 Qh5 13. O-O Nf5 14. Re1 Nxe3 15. Rxe3 b6 16. d5 Na5 17. Be2 e6 18. Nd4 Qg5 19. dxe6 Bxe6 20. Nxe6 fxe6 21. Bf3 Rad8 22. Qe2 h5 23. Re1 Rf4 24. Rxe6 Rdf8 25.
Ne4 Qf5 26. Nd6 Qg5 27. Re8 Bd4 28. Rxf8+ Rxf8 29. Qe6+ Kh8 30. Nf7+ Rxf7 31. Qxf7 1-0

[Event "*** Titled Tuesday Blitz"]
[Site "Chess.com"]
[Date "2018.10.02"]
[Round "3"]
[White "Cryptinz"]
[Black "Rashad_Zeynalli"]
[Result "1-0"]
[WhiteElo "2366"]
[BlackElo "2333"]
[TimeControl "180+2"]
[EndTime "13:34:30 PDT"]
[Termination "Cryptinz won by resignation"]

1. d4 f5 2. Nf3 Nf6 3. g3 g6 4.
Bg2 Bg7 5. O-O O-O 6. c4 d6 7.
Nc3 Qe8 8. Re1 Qf7 9. b3 Ne4 10. Bb2 c5 11. Qc2 Nxc3 12. Bxc3 Nc6 13. dxc5 dxc5 14.
Ng5 Qe8 15. Bxg7 Kxg7 16. Qc3+ e5 17. Bxc6 bxc6 18. Nf3 Kf6 19. Qe3 e4 20. Qc3+ Kf7 21. Ne5+ Kg8 22. Rad1 Be6 23. Rd6 Rc8 24. f4 exf3 25.
exf3 Qe7 26. Nxg6 hxg6 27. Rexe6 Qh7 28. Rxg6+ Kf7 29. Qf6+ Ke8 30. Qe5+ Qe7 31. Rge6 Rc7 32. Rxe7+ Rxe7 33. Re6 Kf7 34. Rxe7+ 1-0

[Event "*** Titled Tuesday Blitz"]
[Site "Chess.com"]
[Date "2018.10.02"]
[Round "3"]
[White "Fighterman91"]
[Black "alishersuleymenov"]
[Result "1-0"]
[WhiteElo "2726"]
[BlackElo "2491"]
[TimeControl "180+2"]
[EndTime "13:34:33 PDT"]
[Termination "Fighterman91 won by resignation"]

1. d4 Nf6 2. Bf4 g6 3. Nc3 d5 4.
e3 Bg7 5. h4 c6 6. Be2 h6 7.
Nf3 Bg4 8. Ne5 Bxe2 9. Qxe2 Nbd7 10. O-O-O O-O 11. g4 Nxe5 12. Bxe5 Ne8 13. h5 g5 14.
Bxg7 Nxg7 15. f4 e6 16. Rhf1 Qe7 17. e4 Rfe8 18. Qd2 b5 19. fxg5 b4 20. Ne2 e5 21.
gxh6 Ne6 22. exd5 cxd5 23. dxe5 a5 24. g5 b3 25. cxb3 Rac8+ 26. Kb1 Nxg5 27. Rg1 f6 28.
exf6 Qe4+ 29. Ka1 1-0

[Event "*** Titled Tuesday Blitz"]
[Site "Chess.com"]
[Date "2018.10.02"]
[Round "3"]
[White "Vuk2000"]
[Black "ftorodent"]
[Result "0-1"]
[WhiteElo "2703"]
[BlackElo "2540"]
[TimeControl "180+2"]
[EndTime "13:34:35 PDT"]
[Termination "ftorodent won by checkmate"]

1. d4 d5 2. Bf4 Nf6 3. e3 c5 4. c3 Nc6 5. Nd2 Bf5 6. Qb3 Qc8 7. Ngf3 cxd4 8. exd4 e6 9. Nh4 Be4 10. Nxe4 Nxe4 11.
Nf3 Bd6 12. Bxd6 Nxd6 13. Bd3 O-O 14. O-O b5 15. a4 a6 16. axb5 axb5 17. Ne5 Nxe5 18.
dxe5 Nc4 19. Rxa8 Qxa8 20. Re1 Qc6 21. Qc2 g6 22. b3 Nb6 23. Rc1 Rc8 24. Qe2 b4 25. c4 Nd7 26. Rc2 d4 27. c5 Nxc5 28. Rc4 Qd7 29. Qc2 Qd5 30. f4 Kg7 31. h3 Nxd3 32.
Rxc8 Nxf4 33. Rc5 d3 34. Qc4 Qxg2# 0-1

[Event "*** Titled Tuesday Blitz"]
[Site "Chess.com"]
[Date "2018.10.02"]
[Round "3"]
[White "chesstatour"]
[Black "m3alam"]
[Result "1-0"]
[WhiteElo "2019"]
[BlackElo "2111"]
[TimeControl "180+2"]
[EndTime "13:34:37 PDT"]
[Termination "chesstatour won by resignation"]

1. c4 c5 2. Nf3 g6 3. d4 cxd4 4. Nxd4 Bg7 5. Nc3 Nc6 6. Nc2 Qa5 7. Bd2 a6 8. g3 Nf6 9. Bg2 Qh5 10. e4 Qc5 11. Qe2 Ne5 12. b3 d6 13. Ne3 Nfg4 14.
O-O Nxe3 15. Bxe3 Qa5 16. Rac1 Nf3+ 17. Qxf3 Bxc3 18. Bb6 Qxb6 19. Qxc3 O-O 20. c5 dxc5 21. Qxc5 Qxc5 22. Rxc5 Rd8 23. Rc7 Kf8 24. Rfc1 e5 25. Bf1 Rb8 26. Bc4 Be6 27. Bxe6 fxe6 28. Rxh7 1-0

[Event "*** Titled Tuesday Blitz"]
[Site "Chess.com"]
[Date "2018.10.02"]
[Round "3"]
[White "FMJoseHerrera"]
[Black "severomorskij"]
[Result "0-1"]
[WhiteElo "2501"]
[BlackElo "2699"]
[TimeControl "180+2"]
[EndTime "13:34:38 PDT"]
[Termination "severomorskij won on time"]

1. Nf3 Nf6 2. g3 d5 3. Bg2 c5 4. O-O e6 5. d3 Nc6 6. c3 g6 7. a3 Bg7 8. b4 Nd7 9. h4 O-O 10. h5 cxb4 11. axb4 b5 12. d4 Bb7 13. Nbd2 a5 14. hxg6 hxg6 15. bxa5 Nxa5 16. Ba3 Re8 17. Bb4 Nc6 18. Ba3 Nb6 19. Bc5 Na4 20. Nb3 Nxc3 21. Qd2 Ne4 22. Qf4 Ra4 23. Rab1 e5 24. Qc1 exd4 25. Rd1 Rc4 26. Qa3 b4 27. Bxb4 Rxb4 28. Nbxd4 Rxb1 29. Rxb1 Nxd4 30. Rxb7 Nxe2+ 31. Kf1 Qc8 32.
Rb1 N2c3 33. Rc1 Qc4+ 34. Kg1 Ne2+ 0-1

[Event "*** Titled Tuesday Blitz"]
[Site "Chess.com"]
[Date "2018.10.02"]
[Round "3"]
[White "dretch"]
[Black "Blitzstream"]
[Result "0-1"]
[WhiteElo "2777"]
[BlackElo "2627"]
[TimeControl "180+2"]
[EndTime "13:34:42 PDT"]
[Termination "Blitzstream won by checkmate"]

1. d4 Nf6 2. c4 c6 3. Nc3 d5 4. Nf3 e6 5. e3 Nbd7 6. b3 Bd6 7. Bb2 O-O 8. Be2 Qe7 9. O-O Rd8 10. Qc2 e5 11. dxe5 Nxe5 12. cxd5 Bg4 13. Nd4 cxd5 14. h3 Bxe2 15. Qxe2 g6 16. Rad1 Rac8 17. Qb5 Nc6 18. Qe2 Nxd4 19. Rxd4 Be5 20. Rd3 Bb8 21.
Rfd1 Qe5 22. Qf3 Ne4 23. Na4 Qh2+ 24. Kf1 Rc2 25. Qxe4 Qh1# 0-1

[Event "*** Titled Tuesday Blitz"]
[Site "Chess.com"]
[Date "2018.10.02"]
[Round "3"]
[White "chenrip"]
[Black "ENEASZ"]
[Result "0-1"]
[WhiteElo "2407"]
[BlackElo "2566"]
[TimeControl "180+2"]
[EndTime "13:34:42 PDT"]
[Termination "ENEASZ won by resignation"]

1. e4 d6 2. d4 Nf6 3. Nc3 e5 4. dxe5 dxe5 5. Bg5 Be6 6. Qf3 Nc6 7. Bb5 Be7 8. Rd1 Qc8 9. Nge2 O-O 10. Bxc6 bxc6 11. O-O h6 12. Bxf6 Bxf6 13. Qg3 Rb8 14. b3 Qa6 15. a4 Qa5 16. Rd3 g6 17. Rfd1 h5 18.
h3 Qc5 19. Qf3 Kg7 20. Ng3 h4 21. Nge2 a5 22. R1d2 Rbd8 23. Rxd8 Bxd8 24. Rd3 Bg5 25. Kh2 Rh8 26. Ng1 Bf4+ 27. Kh1 Qa3 28. Nce2 Bg5 29.
Rc3 c5 30. Kh2 c4 31. bxc4 Qxa4 32. c5 Qb4 33. c6 a4 34. Ra3 Rd8 35. Qc3 Qxe4 36.
Nf3 Be7 37. Ra1 Qxe2 38. Re1 Qxf2 39. Nxe5 Qg3+ 40. Kh1 Qxc3 0-1

[Event "*** Titled Tuesday Blitz"]
[Site "Chess.com"]
[Date "2018.10.02"]
[Round "3"]
[White "b_6"]
[Black "Kawhi_Leonard2"]
[Result "1-0"]
[WhiteElo "2387"]
[BlackElo "2267"]
[TimeControl "180+2"]
[EndTime "13:34:43 PDT"]
[Termination "b_6 won by resignation"]

1. Nf3 Nf6 2. g3 e6 3. Bg2 d5 4.
O-O Be7 5. c4 O-O 6. d4 dxc4 7.
Qc2 a6 8. a4 Bd7 9. Qxc4 Bc6 10.
Bf4 a5 11. Nc3 Na6 12. Rfe1 Nd5 13. Bd2 Nxc3 14. bxc3 Bd5 15. Qd3 b6 16. e4 Bb7 17.
Rab1 Qe8 18. Qc2 Bc6 19. Ra1 Nb8 20. Ne5 Bb7 21. c4 Nd7 22. Nd3 Rd8 23. Bf4 Rc8 24. Rab1 Ba8 25. Bd2 Qd8 26. Bc3 Re8 27. d5 exd5 28.
exd5 Nc5 29. Nf4 Qd7 30. Nh5 Bf8 31. Be4 Nxe4 32. Rxe4 Rxe4 33. Qxe4 Re8 34. Qd4 Qg4 35. Qxg4 1-0

[Event "*** Titled Tuesday Blitz"]
[Site "Chess.com"]
[Date "2018.10.02"]
[Round "3"]
[White "andrzej"]
[Black "pedromartinez91"]
[Result "0-1"]
[WhiteElo "2186"]
[BlackElo "2370"]
[TimeControl "180+2"]
[EndTime "13:34:44 PDT"]
[Termination "pedromartinez91 won by resignation"]

1. d4 Nf6 2. c4 g6 3. Nf3 Bg7 4. g3 O-O 5. Bg2 c5 6. d5 Qa5+ 7. Qd2 Qa6 8. Na3 e6 9. Nb5 Qb6 10. d6 Nc6 11. O-O a6 12. Nc3 Nd4 13. Rd1 Qxd6 14.
Nxd4 cxd4 15. Na4 e5 16. c5 Qc7 17. b3 d5 18. Nb6 Qxc5 19. Nxa8 Be6 20. a4 Rxa8 21. Ba3 Qb6 22. Bb4 Ne4 23. Qe1 Nc3 24. Bxc3 dxc3 25. Qxc3 e4 26. Qe3 Qxe3 27. fxe3 Bxa1 28.
Rxa1 Rc8 29. Rd1 Rc3 30. Kf2 f5 31. Rb1 Kf7 32. Rb2 Ke7 33. h3 h5 34. h4 Kd6 35.
b4 b6 36. a5 b5 37. Ke1 Rxe3 38. Kf2 Rc3 39. e3 d4 40. exd4 Bc4 41. Bh3 Kd5 42. Rb1 Kxd4 43. Rd1+ Bd3 44. Bf1 Rc2+ 45. Kg1 Kc3 46.
Rb1 Rg2+ 47. Kxg2 Bxb1 48. Kf2 Bd3 49. Bh3 Kxb4 50. Ke3 Kc3 51. Kf4 b4 52. Kg5 b3 53.
Kxg6 b2 54. Bxf5 b1=Q 55. Kxh5 Qb5 56. g4 e3 57. Kg6 Qxa5 0-1

[Event "*** Titled Tuesday Blitz"]
[Site "Chess.com"]
[Date "2018.10.02"]
[Round "3"]
[White "FearlessKing64"]
[Black "EmreDedebas"]
[Result "0-1"]
[WhiteElo "2211"]
[BlackElo "2410"]
[TimeControl "180+2"]
[EndTime "13:34:57 PDT"]
[Termination "EmreDedebas won on time"]

1. e4 e6 2. d4 d5 3. Nd2 a6 4.
c3 c5 5. dxc5 Bxc5 6. Qg4 g6 7.
e5 Nc6 8. f4 Nh6 9. Qh3 Nf5 10.
Nb3 Ba7 11. Nf3 d4 12. g3 dxc3 13. bxc3 Ne3 14. Bxe3 Bxe3 15. Ng5 Na5 16. Ne4 Bd7 17. Rd1 Kf8 18. Qh6+ Ke7 19. Qg5+ Kf8 20. Qh6+ Ke7 21.
Qh4+ Kf8 22. Nf6 Kg7 23. Nxd7 Qc7 24. Qf6+ Kg8 25. c4 Nxb3 26. axb3 Qa5+ 27. Ke2 Bb6 0-1

[Event "*** Titled Tuesday Blitz"]
[Site "Chess.com"]
[Date "2018.10.02"]
[Round "3"]
[White "Ziyamammadov"]
[Black "nochewycandy"]
[Result "0-1"]
[WhiteElo "1906"]
[BlackElo "2177"]
[TimeControl "180+2"]
[EndTime "13:34:58 PDT"]
[Termination "nochewycandy won by resignation"]

1. Nf3 g6 2. d4 Bg7 3. b3 c5 4. Bb2 cxd4 5. Bxd4 Nf6 6. e3 O-O 7. c4 Nc6 8. Bb2 d6 9. Bd3 e5 10. e4 h6 11. O-O Be6 12. Nc3 a6 13. Nd5 Bxd5 14. cxd5 Nb8 15. Rc1 Nbd7 16. Ba3 Ne8 17. Qd2 f5 18. Qe3 Qa5 19. Bb2 Qxa2 20. Rb1 Rc8 21.
Bc4 Nc5 22. Bc3 Nxe4 23. Ra1 Qc2 24. Rfc1 Qxf2+ 25. Qxf2 Nxf2 26. Kxf2 b5 27. Bd3 Rxc3 28. Rxc3 e4 29. Rac1 Bxc3 30. Rxc3 exd3 31. Rxd3 Nc7 32. Ne1 a5 33. Nc2 Re8 34. Nd4 Re4 35. Nc6 a4 36. b4 Kf7 37. Kf3 Kf6 38. h3 h5 39.
Rd1 g5 40. Rd4 Rxd4 41. Nxd4 Nxd5 42. Nxb5 Nxb4 43. Nxd6 a3 44. Ne8+ Ke5 0-1

[Event "*** Titled Tuesday Blitz"]
[Site "Chess.com"]
[Date "2018.10.02"]
[Round "3"]
[White "grzechu96"]
[Black "mishanick"]
[Result "0-1"]
[WhiteElo "2486"]
[BlackElo "2858"]
[TimeControl "180+2"]
[EndTime "13:35:05 PDT"]
[Termination "mishanick won by resignation"]

1. e4 c5 2. Nc3 d6 3. d4 cxd4 4. Qxd4 Nc6 5. Qd2 g6 6. b3 Bh6 7. f4 Nf6 8. Bb2 a5 9. O-O-O a4 10. Nxa4 e5 11. g3 Nxe4 12. Qe3 Rxa4 13. bxa4 Nc5 14. Bb5 O-O 15. Bxc6 bxc6 16. Bxe5 Nxa4 17. Rxd6 Qa5 18. Nf3 Re8 19. Rhd1 Bf8 20. R6d4 Nb6 21. R4d3 Nc4 22. Qd4 Ba3+ 23. Rxa3 Qxa3+ 24. Kb1 Be6 25. Qc3 Rb8+ 26. Ka1 Ne3 27. Rd8+ Rxd8 28. Qxa3 Nxc2+ 29. Kb2 Nxa3 30. Kxa3 Ra8+ 31. Kb4 Rxa2 32. Kc5 Bd5 33. Ng5 Rxh2 0-1

[Event "*** Titled Tuesday Blitz"]
[Site "Chess.com"]
[Date "2018.10.02"]
[Round "3"]
[White "GHANDEEVAM2003"]
[Black "Kirill_Klukin"]
[Result "1-0"]
[WhiteElo "2899"]
[BlackElo "2603"]
[TimeControl "180+2"]
[EndTime "13:35:13 PDT"]
[Termination "GHANDEEVAM2003 won by resignation"]

1. e4 c5 2. Nf3 Nc6 3. Bb5 g6 4. O-O Bg7 5. c3 Nh6 6. d4 cxd4 7. cxd4 a6 8. Be2 d5 9. exd5 Qxd5 10. Nc3 Qd6 11. d5 Nb8 12. Ne4 Qd8 13. Bg5 Nf5 14. Qa4+ Qd7 15. Qb3 O-O 16. Rac1 b5 17. Rfd1 Nd6 18.
Nc5 Qa7 19. h3 Re8 20. Nd4 Bxd4 21. Rxd4 Nd7 22. Qc3 Rb8 23. b4 Nf5 24. Re4 f6 25. Bf4 Nb6 26. Bxb8 Qxb8 27. Qb3 Nd6 28. Rd4 Nbc4 29.
Bxc4 bxc4 30. Qa4 Qb6 31. Rdxc4 Kf7 32. R4c2 Bf5 33. Re2 Rc8 34. Rce1 Rc7 35. Ne6 Rb7 36. Qa5 1-0

[Event "*** Titled Tuesday Blitz"]
[Site "Chess.com"]
[Date "2018.10.02"]
[Round "3"]
[White "ddtru"]
[Black "Siemba"]
[Result "1-0"]
[WhiteElo "2265"]
[BlackElo "2030"]
[TimeControl "180+2"]
[EndTime "13:35:15 PDT"]
[Termination "ddtru won on time"]

1. d4 Nf6 2. Nf3 g6 3. c4 Bg7 4. g3 Kf8 5. Bg2 h6 6. Nc3 Kg8 7. O-O Kh7 8. e4 d6 9. h3 Nbd7 10. e5 dxe5 11. dxe5 Ne8 12. Re1 e6 13. Bf4 Qe7 14. h4 a6 15. Qc2 Rb8 16. h5 b5 17.
cxb5 axb5 18. Nh4 Nf8 19. Be4 f5 20. exf6 Nxf6 21. hxg6+ Kg8 22. Bg2 Bb7 23. Bxb7 Rxb7 24. Rad1 b4 25. Na4 b3 26. axb3 Rb4 27. Qc5 Qxc5 28.
Nxc5 Nh5 29. Bxc7 1-0

[Event "*** Titled Tuesday Blitz"]
[Site "Chess.com"]
[Date "2018.10.02"]
[Round "3"]
[White "LucaBrasi1968"]
[Black "RitvarsReimanis"]
[Result "1/2-1/2"]
[WhiteElo "2443"]
[BlackElo "2606"]
[TimeControl "180+2"]
[EndTime "13:35:18 PDT"]
[Termination "Game drawn by repetition"]

1. d4 Nf6 2. Nf3 e6 3. Bg5 Be7 4. e3 O-O 5. Bd3 b6 6. O-O Bb7 7. Nbd2 d6 8. c3 c5 9. Qe2 Nc6 10. h3 e5 11. dxe5 dxe5 12. e4 Nh5 13. Be3 Nf6 14.
Rfd1 Qc7 15. Nf1 Rfd8 16. Ng3 Bf8 17. Nf5 Ne7 18. Ng3 Ng6 19. Bg5 Nf4 20. Qe3 Nxd3 21. Rxd3 Rxd3 22. Qxd3 Ne8 23. Rd1 f6 24. Be3 c4 25.
Qd7 Qxd7 26. Rxd7 Bc6 27. Rd1 Nd6 28. Nd2 Be7 29. f3 Rd8 30. Kf2 g6 31. Ke2 Kf7 32.
Ndf1 f5 33. exf5 gxf5 34. f4 exf4 35. Bxf4 Bxg2 36. Ne3 Be4 37. Bxd6 Bd3+ 38. Kf3 Rxd6 39. Ngxf5 Rf6 40. Kf4 Bc5 41. Ke5 Re6+ 42. Kf4 Rf6 43. Ke5 Re6+ 44. Kf4 Re4+ 45. Kf3 Re5 46. Kf4 Re4+ 47.
Kf3 Re8 48. Kf4 Re4+ 49. Kf3 Re6 50. Kf4 Rf6 51. Ke5 Re6+ 52. Kf4 Re4+ 53. Kf3 Re8 54. Kf4 Re4+ 1/2-1/2

[Event "*** Titled Tuesday Blitz"]
[Site "Chess.com"]
[Date "2018.10.02"]
[Round "3"]
[White "Slovak_fighter2000"]
[Black "Turkey-Champion"]
[Result "1/2-1/2"]
[WhiteElo "2382"]
[BlackElo "2280"]
[TimeControl "180+2"]
[EndTime "13:35:22 PDT"]
[Termination "Game drawn - insufficient material"]

1. d4 Nf6 2. Bf4 d5 3. Nf3 c5 4.
e3 Nc6 5. Nbd2 Qb6 6. dxc5 Qxc5 7. a3 g6 8. b4 Qb6 9. c4 Bg7 10. Rc1 dxc4 11. Nxc4 Qd8 12. Qxd8+ Nxd8 13. Be2 O-O 14. O-O Bf5 15. Rfd1 Ne6 16. Bg3 Rfd8 17. Na5 b6 18.
Nc6 Rxd1+ 19. Rxd1 Kf8 20. b5 Be4 21. Nfe5 Ke8 22.
f3 Bxc6 23. Nxc6 Nh5 24. Bf2 Nd8 25. e4 Nf4 26. Bf1 Nfe6 27. a4 h5 28. Bc4 Bf6 29. Bd5 Nc7 30. Nb4 Rc8 31. Bc6+ Nxc6 32. Nxc6 Ra8 33.
Rc1 Ne6 34. a5 Rc8 35. axb6 axb6 36. Bxb6 Bd4+ 37. Bxd4 Nxd4 38. Rc4 Nxb5 39. Na5 Rxc4 40. Nxc4 e6 41. Kf2 Ke7 42. Ke3 Nc7 43. Kf4 Kf6 44.
e5+ Kg7 45. Kg5 Nd5 46. Nd6 Ne3 47. g4 hxg4 48. fxg4 Nf1 49. h4 Nd2 50. h5 gxh5 51. gxh5 Nf3+ 52. Kf4 Nxe5 53. Kxe5 Kh6 54. Nxf7+ Kxh5 55.
Kxe6 1/2-1/2

[Event "*** Titled Tuesday Blitz"]
[Site "Chess.com"]
[Date "2018.10.02"]
[Round "3"]
[White "kasparik_garik"]
[Black "murmah2003"]
[Result "0-1"]
[WhiteElo "2547"]
[BlackElo "2560"]
[TimeControl "180+2"]
[EndTime "13:35:24 PDT"]
[Termination "murmah2003 won by resignation"]

1. b3 e5 2. Bb2 Nc6 3. e3 g6 4.
Bb5 Bg7 5. Ne2 Nge7 6. d4 O-O 7. h4 d5 8. Bxc6 Nxc6 9. dxe5 Nxe5 10. Nbc3 c6 11.
h5 Qg5 12. Nf4 Bf5 13. Qd2 Bg4 14. h6 Bh8 15. Nfe2 Bxe2 16. Qxe2 Qxg2 17. O-O-O Qf3 18.
Qd2 Ng4 19. Rdf1 Be5 20. Kb1 Rad8 21. Qc1 d4 22. Nd1 d3 23. cxd3 Rxd3 24. Rhg1 Rfd8 25.
Bxe5 Nxe5 26. Nb2 Rd2 27. Rd1 Qxf2 28. Qc3 Qf5+ 29. Ka1 Rxd1+ 30. Nxd1 f6 31. Nb2 Qd7 32. a4 Qd2 33. Qc5 Qxb2+ 0-1